 Dungeon Crawl Stone Soup version 0.29.1-12-g30fa7ad0bf (webtiles) character file.

Game seed: 17802620977729978057

3254 Acheron the Martial Artist (level 10, 0/60 HPs)
             Began as a Gargoyle Monk on Dec 17, 2022.
             Was a Believer of Nemelex Xobeh.
             Slain by a killer bee (2 damage)
             ... on level 8 of the Dungeon.
             The game lasted 00:31:02 (8661 turns).

Acheron the Martial Artist (Gargoyle Monk)          Turns: 8661, Time: 00:31:05

Health: 0/60       AC: 17    Str: 15      XL:     10   Next: 0%
Magic:  10/10      EV: 15    Int: 17      God:    Nemelex Xobeh [**....]
Gold:   396        SH:  0    Dex: 20 (22) Spells: 9/9 levels left

rFire   . . .      SeeInvis .     - Unarmed
rCold   . . .      Faith    .   (no shield)
rNeg    + . .      Spirit   .   a - +3 leather armour
rPois   ∞          Reflect  .   (no helmet)
rElec   +          Harm     .   D - +1 cloak
rCorr   .          Rampage  .   m - +0 pair of gloves
Will    .....                   (no boots)
Stlth   +++.......              (no amulet)
HPRegen 0.20/turn               k - +6 ring of dexterity
MPRegen 0.12/turn               t - +6 ring of intelligence

@: no status effects
A: sickness immunity, AC +7, negative energy resistance 1, electricity
resistance, torment resistance 1, petrification resistance
a: Renounce Religion, Draw Escape, Draw Destruction, Draw Summoning


You were on level 8 of the Dungeon.
You worshipped Nemelex Xobeh.
Nemelex Xobeh was pleased with you.
You visited 2 branches of the dungeon, and saw 10 of its levels.

You collected 396 gold pieces.

Inventory:

Hand Weapons
 j - a +0 war axe
 l - a +0 dagger of holy wrath
 x - a +2 flail of protection
Missiles
 c - 7 poisoned darts (quivered)
Armour
 a - a +3 leather armour (worn)
 m - a +0 pair of gloves (worn)
 D - a +1 cloak (worn)
Jewellery
 g - an amulet of faith
 k - a +6 ring of dexterity (left hand)
 q - a ring of flight
 t - a +6 ring of intelligence (right hand)
Wands
 s - a wand of charming (11)
 w - a wand of flame (26)
 E - a wand of mindburst (11)
Scrolls
 d - 9 scrolls of teleportation
 e - 2 scrolls of magic mapping
 f - a scroll of brand weapon
 r - 2 scrolls of identify
 u - a scroll of summoning
 v - 2 scrolls of fear
 y - a scroll of enchant weapon {unknown}
 C - a scroll of torment
Potions
 b - 2 potions of ambrosia
 h - 4 potions of lignification
 i - 2 potions of curing
 n - 2 potions of might
 o - 3 potions of flight
 p - 2 potions of magic {unknown}
 z - 3 potions of heal wounds {unknown}
 A - 2 potions of berserk rage {unknown}


   Skills:
 * Level 5.8 Fighting
 * Level 3.5 Throwing
 * Level 4.7 Armour
 * Level 5.2 Dodging
 * Level 6.3 Stealth
 + Level 8.0 Unarmed Combat
 * Level 3.6 Evocations


You had 9 spell levels left.
You didn't know any spells.
Your spell library was empty.

Dungeon Overview and Level Annotations

Branches:
Dungeon (9/15)             Temple (1/1) D:5
   Lair: D:8-11         Orc: D:9-12

Altars:
Ashenzari
Cheibriados
Dithmenos
Elyvilon
Fedhas
Gozag
Kikubaaqudgha
Makhleb
Nemelex Xobeh
Qazlal
Ru
Sif Muna
Uskayaw
Vehumet
Wu Jian
Xom
Yredelemnul
Zin

Shops:
D:1 !:   D:5 *

Annotations:
D:3 exclusion: 2 downstairs
D:6 exclusion: downstairs
D:8 exclusion: downstairs


Innate Abilities, Weirdness & Mutations

You are immune to sickness and miasma.
Your stone body is resilient. (AC +7)
You are immune to poison.
You resist negative energy. (rN+)
You are resistant to electric shocks. (rElec)
You are resistant to unholy torment.
You are immune to petrification.


Message History

You closely miss the killer bee.
The killer bee is severely wounded.
The killer bee barely misses you.
You hit the killer bee but do no damage.
The killer bee is severely wounded.
The killer bee barely misses you. x2
You miss the killer bee.
The killer bee is severely wounded.
The killer bee misses you. The killer bee closely misses you.
You punch the killer bee!
You kill the killer bee!
The killer bee misses you.
You punch the killer bee!
The killer bee is moderately wounded.
The killer bee closely misses you.
You miss the killer bee.
The killer bee is moderately wounded.
The killer bee misses you. The killer bee barely misses you.
You barely miss the killer bee.
The killer bee is moderately wounded.
The killer bee completely misses you. The killer bee misses you.
You hit the killer bee.
The killer bee is severely wounded.
The killer bee stings you but does no damage.
The killer bee barely misses you.
You hit the killer bee.
The killer bee is severely wounded.
The killer bee stings you.
* * * LOW HITPOINT WARNING * * *
You punch the killer bee!
You kill the killer bee!
The killer bee barely misses you.
You have reached level 10!
You punch the killer bee!
The killer bee is heavily wounded.
The killer bee stings you.
* * * LOW HITPOINT WARNING * * *
The killer bee stings you.
You die...
Your body glows slightly and disappears.

#.#
#.#......
#.#
#........
#.#
#..#.#...
####.####
####........
#.......#
#...........
#.##†##.#
#......#.#..
# #..# #
#...........
##y#
#...........
#@#
#......#....
#.......#
#.......#.##
#####.###
######.###.#
#.# ## #.
#.# #.# #.#
#.#


You could see a killer bee.

Vanquished Creatures
  A hornet (D:8)
  A wyvern (D:8)
  A water moccasin (D:6)
  3 sky beasts
  3 black bears
  An ice beast (D:7)
  4 ogres
  2 necrophages
  3 scorpions
  15 killer bees
  6 howler monkeys
  3 hounds
  2 orc priests
  3 jellies
  2 iguanas
  2 orc wizards (D:7)
  A mummy (D:5)
  8 gnolls
  8 adders
  A white imp (D:8)
  A worm (D:3)
  A dart slug (D:1)
  23 orcs
  7 endoplasms
  2 giant cockroaches
  13 goblins
  6 hobgoblins
  6 jackals
  A quokka (D:1)
  3 ball pythons
  5 bats
  7 frilled lizards
  A hobgoblin zombie (D:5)
  5 kobolds
  3 orc zombies (D:5)
  4 rats (D:1)
158 creatures vanquished.

Vanquished Creatures (collateral kills)
  A jelly (D:5)
  An adder (D:5)
2 creatures vanquished.

Grand Total: 160 creatures vanquished

Notes
Turn   | Place    | Note
-------+----------+-------------------------------------------
     0 | D:1      | Acheron the Gargoyle Monk began the quest for the Orb.
     0 | D:1      | Reached XP level 1. HP: 14/14 MP: 1/1
    96 | D:1      | Reached XP level 2. HP: 19/19 MP: 2/2
   172 | D:1      | Found Roezu's Distillery.
   406 | D:1      | Found a faded altar of an unknown god.
   647 | D:1      | Found Latit's Book Emporium.
   717 | D:1      | Reached XP level 3. HP: 23/23 MP: 3/3
  2019 | D:2      | Reached skill level 4 in Unarmed Combat
  2118 | D:2      | Reached XP level 4. HP: 29/29 MP: 4/4
  2444 | D:3      | Reached XP level 5. HP: 33/33 MP: 5/5
  2460 | D:4      | Noticed an ogre
  2727 | D:4      | Reached skill level 1 in Armour
  2963 | D:4      | Reached XP level 6. HP: 25/38 MP: 6/6
  3089 | D:5      | Entered Level 5 of the Dungeon
  3302 | D:7      | Reached skill level 5 in Unarmed Combat
  3604 | D:6      | Noticed a sky beast
  3632 | D:7      | Noticed a sky beast
  3656 | D:7      | Reached XP level 7. HP: 30/43 MP: 7/7
  3694 | D:5      | Reached skill level 1 in Throwing
  3694 | D:5      | Reached skill level 1 in Evocations
  3900 | D:5      | Found Zin's Purification Station.
  3917 | D:5      | Found a glowing silver altar of Zin.
  4079 | D:5      | Found an ancient bone altar of Kikubaaqudgha.
  4184 | D:5      | Found a staircase to the Ecumenical Temple.
  4199 | Temple   | Entered the Ecumenical Temple
  4527 | Temple   | Became a worshipper of Nemelex Xobeh the Trickster
  4527 | Temple   | Reached * piety under Nemelex Xobeh
  4527 | Temple   | Received a gift from Nemelex Xobeh
  4527 | Temple   | Reached ** piety under Nemelex Xobeh
  4722 | D:5      | Reached XP level 8. HP: 38/48 MP: 8/8
  4814 | D:5      | Reached skill level 6 in Unarmed Combat
  4896 | D:5      | Found an opulent altar of Gozag.
  5008 | D:4      | Found a radiant altar of Vehumet.
  5403 | D:4      | Reached skill level 5 in Stealth
  6002 | D:6      | Reached skill level 5 in Fighting
  6292 | D:7      | Reached XP level 9. HP: 51/54 MP: 9/9
  6371 | D:8      | Noticed a hornet
  6438 | D:7      | Reached skill level 7 in Unarmed Combat
  7305 | D:8      | Received a gift from Nemelex Xobeh
  7345 | D:8      | Noticed Psyche
  7358 | D:8      | Noticed Psyche
  7361 | D:8      | Killed Psyche the wyvern
  7638 | D:8      | Reached skill level 5 in Dodging
  8614 | D:8      | Noticed a hornet
  8626 | D:8      | Killed a hornet
  8630 | D:8      | Reached skill level 8 in Unarmed Combat
  8644 | D:8      | HP: 2/55 [killer bee (4)]
  8661 | D:8      | Reached XP level 10. HP: 8/60 MP: 10/10
  8661 | D:8      | HP: 2/60 [killer bee (6)]
  8661 | D:8      | Slain by a killer bee

Illustrated notes

Levels and vault maps discovered:
D:1:      minmay_arrival_floating_metal, layout_basic,
          chequers_ecumenical_altar_island, serial_shops,
          nicolae_shop_temple_entry_statues_fountains, shop
D:2:      layout_basic, minivault_5, nrook_mini_backslash
D:3:      layout_basic
D:4:      layout_basic, vehumet_altar_wand_db
D:5:      layout_cave_pools, mainiacjoe_overflow_boulevard, zin_purify,
          mainiacjoe_overflow_surrounded_room, minmay_temple_entry_sparse_star,
          amethyst_killhole, minmay_mini_ossuary
D:6:      layout_rooms, minmay_misc_feat_square
D:7:      layout_basic, mainiacjoe_overflow_alcove_2, grunt_ministairs_6
D:8:      layout_loops_cross, grunt_ministairs_3, uniq_psyche
D:9:      layout_big_octagon, kennysheep_mini_moat, minivault_23,
          serial_bayou_ford_a
Temple:   dpeg_chambers_temple

Skill      XL: |  1  2  3  4  5  6  7  8  9 |
---------------+----------------------------+-----
Unarmed Combat | 4 5 6 8 |  8.0
Stealth        | 3 4 5 6 |  6.3
Armour         | 1 2 3 4 |  4.7
Dodging        | 3 4 5 |  5.2
Fighting       | 4 5 |  5.8
Throwing       | 1 2 3 |  3.5
Evocations     | 1 2 3 |  3.6

Action                   |  1- 3 |  4- 6 |  7- 9 | 10-12 || total
-------------------------+-------+-------+-------+-------++-------
Melee: Unarmed           |   141 |   150 |   491 |     1 ||   783
       Punch             |     6 |    10 |    22 |       ||    38
Throw: Dart              |       |       |    11 |       ||    11
Invok: Draw Destruction  |       |       |     3 |       ||     3
       Draw Escape       |       |       |     1 |       ||     1
Evoke: Wand              |       |       |     1 |       ||     1
  Use: Scroll            |     4 |     1 |    10 |       ||    15
       Potion            |       |       |     7 |       ||     7
 Stab: Sleeping          |     3 |     3 |     5 |       ||    11
       Distracted        |       |       |     5 |       ||     5
Armor: Robe              |    42 |       |       |       ||    42
       Leather armour    |     3 |    54 |   244 |       ||   301
Dodge: Dodged            |    83 |   106 |   461 |       ||   650
